[Event "Titled Tuesday Blitz March 29 Late 2022"]
[White "Tiarks, Jann-Christian"]
[Black "Petesch, Gabriel"]
[WhiteFideId "12951595"]
[BlackFideId "2032465"]
[WhiteElo "2176"]
[BlackElo "2374"]
[Result "1-0"]
[Round "09"]
[TimeControl "180+1"]
[Date "2022.03.30"]
[WhiteClock "0:00:07"]
[BlackClock "0:00:02"]

1. e4 Nc6 2. g3 h5 3. h4 g6 4. Bg2 Bg7 5. c3 d5 6. exd5 Ne5 7. d4 Ng4 8. Ne2 N8f6 9. c4 O-O 10. O-O b5 11. cxb5 Bb7 12. Nbc3 Nxd5 13. Bg5 Nxc3 14. bxc3 Bxg2 15. Kxg2 Qd5+ 16. f3 Bh6 17. Qd3 Bxg5 18. hxg5 Ne5 19. Qe4 Nc4 20. Qxd5 Ne3+ 21. Kf2 Nxd5 22. c4 Nb6 23. Rfc1 a6 24. a4 axb5 25. cxb5 Rxa4 26. Rxa4 Nxa4 27. Rxc7 Rb8 28. Rxe7 Rxb5 29. Re5 Rb2 30. Ke3 Nb6 31. Re8+ Kg7 32. Kf2 Nd5 33. Re5 Nc3 34. d5 Nd1+ 35. Ke1 Rb1 36. Kd2 Nf2 37. d6 Rd1+ 38. Ke3 Nh1 39. Rc5 h4 40. Rc1 Rxd6 41. Rxh1 hxg3 42. Nxg3 Re6+ 43. Kf2 f6 44. Ne4 fxg5 45. Nxg5 Ra6 46. f4 Ra3 47. Rh7+ Kg8 48. Rb7 Kf8 49. Rb4 Kg8 50. Re4 Kf8 51. Re3 Ra1 52. Kf3 Kg7 53. Kg4 Rg1+ 54. Rg3 Rf1 55. Ne6+ Kf6 56. Nd4 Ra1 57. Rc3 Ra4 58. Rc6+ Kf7 59. Nf3 Kg7 60. Ne5 Ra1 61. Rxg6+ Kh7 62. Kf5 Ra5 63. Rg2 Kh8 64. Kf6 Kh7 65. f5 Ra6+ 66. Ke7 Ra7+ 67. Nd7 Kh6 68. f6 Ra6 69. f7 Kh7 70. Rh2+ Kg6 71. f8=Q Kg5 72. Qg7+ Kf5 73. Qe5+ Kg4 74. Rg2+ Kh3 75. Qh2# 1-0


[Site "https://www.chess.com"]

[Event "Titled Tuesday Blitz March 29 Late 2022"]
[White "Van den Dikkenberg, Erik"]
[Black "Tsukerman, Julia"]
[WhiteFideId "1005880"]
[BlackFideId "2621649"]
[WhiteElo "2118"]
[BlackElo "2130"]
[Result "1-0"]
[Round "09"]
[TimeControl "180+1"]
[Date "2022.03.30"]
[WhiteClock "0:01:40"]
[BlackClock "0:01:07"]

1. e4 c5 2. Nc3 d6 3. f4 Nc6 4. Nf3 Nf6 5. Bb5 e6 6. Bxc6+ bxc6 7. O-O Be7 8. d3 O-O 9. Qe1 Qb6 10. Kh1 d5 11. e5 Nd7 12. Qg3 Ba6 13. f5 exf5 14. Bh6 g6 15. Bxf8 Bxf8 16. Rae1 Bg7 17. Ng5 Re8 18. Qh4 h6 19. Nf3 Nxe5 20. Nxe5 Rxe5 21. Rxe5 Bxe5 22. Qxh6 c4 23. Re1 Qf2 24. Qe3 Qxe3 25. Rxe3 Bf6 26. dxc4 Bxc4 27. Re8+ Kg7 28. b3 Ba6 29. Na4 Bb5 30. Nc5 Bd4 31. Nb7 f4 32. a4 Be2 33. Rxe2 1-0


[Site "https://www.chess.com"]

[Event "Titled Tuesday Blitz March 29 Late 2022"]
[White "Vasquez Schroeder, Rodrigo"]
[Black "Pakleza, Zbigniew"]
[WhiteFideId "3400042"]
[BlackFideId "1119290"]
[WhiteElo "2561"]
[BlackElo "2467"]
[Result "1/2-1/2"]
[Round "09"]
[TimeControl "180+1"]
[Date "2022.03.29"]
[WhiteClock "0:00:49"]
[BlackClock "0:00:06"]

1. e4 d6 2. d4 Nf6 3. Nc3 c6 4. a4 Nbd7 5. Nf3 e5 6. a5 Be7 7. g3 O-O 8. Bg2 Re8 9. O-O Bf8 10. Re1 Qc7 11. b3 Rb8 12. Bb2 b5 13. axb6 axb6 14. Qd2 b5 15. Rad1 Nb6 16. h3 Bb7 17. dxe5 dxe5 18. Nh4 g6 19. Qg5 Bg7 20. Nb1 h6 21. Qe3 Rbd8 22. Rxd8 Rxd8 23. Bxe5 Qxe5 24. Qxb6 Qe7 25. e5 Nd5 26. Qa7 Bc8 27. Qxe7 Nxe7 28. f4 g5 29. fxg5 hxg5 30. Nf3 g4 31. hxg4 Bxg4 32. Kf2 Bf5 33. c4 b4 34. Nbd2 Rd3 35. Re3 Rd8 36. Ne4 Ra8 37. Nf6+ Kf8 38. g4 Be6 39. Nd4 Ra2+ 40. Kg3 Bh6 41. g5 Bxg5 42. Nh7+ Kg7 43. Nxg5 Bd7 44. e6 fxe6 45. Ngxe6+ Bxe6 46. Nxe6+ Kf6 47. Nc5 Nf5+ 48. Kf4 Nxe3 49. Bxc6 Nc2 50. Be4 Nd4 51. Bd3 Ne6+ 52. Nxe6 Kxe6 53. Ke4 Rh2 54. Kd4 Kd6 55. c5+ Kc6 56. Be4+ Kb5 57. Bd3+ Kc6 58. Be4+ Kb5 59. Bd3+ Kc6 1/2-1/2


[Site "https://www.chess.com"]

[Event "Titled Tuesday Blitz March 29 Late 2022"]
[White "Vine, Elzbieta"]
[Black "Cagara, Paulina"]
[WhiteFideId "1119320"]
[BlackFideId "1124870"]
[WhiteElo "1827"]
[BlackElo "1780"]
[Result "0-1"]
[Round "09"]
[TimeControl "180+1"]
[Date "2022.03.30"]
[WhiteClock "0:00:01"]
[BlackClock "0:01:24"]

1. e4 c6 2. d4 d5 3. e5 c5 4. c3 Nc6 5. Be3 Bf5 6. f4 e6 7. Nf3 Bg4 8. h3 Bxf3 9. Qxf3 cxd4 10. cxd4 Nge7 11. Be2 Nf5 12. O-O Nfxd4 13. Qf2 Nxe2+ 14. Qxe2 g6 15. f5 gxf5 16. Nc3 Be7 17. Qh5 Nxe5 18. Rad1 O-O 19. Bh6 Ng6 20. Bxf8 Qxf8 21. Ne2 Rc8 22. Nf4 Bd6 23. Nxg6 hxg6 24. Qg5 Qd8 25. Rd4 Qxg5 0-1


[Site "https://www.chess.com"]

[Event "Titled Tuesday Blitz March 29 Late 2022"]
[White "Xiong, Jeffery"]
[Black "Sarana, Alexey"]
[WhiteFideId "2047640"]
[BlackFideId "24133795"]
[WhiteElo "2727"]
[BlackElo "2666"]
[Result "1-0"]
[Round "09"]
[TimeControl "180+1"]
[Date "2022.03.29"]
[WhiteClock "0:00:10"]
[BlackClock "0:00:10"]

1. e4 c5 2. Nf3 d6 3. Nc3 Nf6 4. d4 cxd4 5. Qxd4 Nc6 6. Qd3 g6 7. Nd5 Bg7 8. c3 Nd7 9. Bg5 Nc5 10. Qc2 h6 11. Bh4 Bg4 12. Be2 Qd7 13. h3 Bxf3 14. Bxf3 g5 15. Bg3 e6 16. Ne3 Ne5 17. Be2 Qc6 18. f3 Rd8 19. h4 Ng6 20. hxg5 hxg5 21. O-O-O Nf4 22. Rxh8+ Bxh8 23. Kb1 b5 24. Bf1 a6 25. Bf2 Na4 26. Be1 Bg7 27. Bd2 Rc8 28. g3 Ng6 29. Ng4 Ne5 30. Nxe5 Bxe5 31. Bxg5 b4 32. f4 Bxc3 33. b3 Nc5 34. Bg2 a5 35. e5 d5 36. Qh7 Nd7 37. f5 Nf8 38. Qh5 Bxe5 39. Rc1 Qb7 40. fxe6 Nxe6 41. Bh3 Rxc1+ 42. Bxc1 Qb5 43. Qxe5 Qd3+ 44. Ka1 d4 45. Bxe6 fxe6 46. Qxe6+ Kd8 47. Bg5+ Kc7 48. Qc4+ Qxc4 49. bxc4 a4 50. Bd2 b3 51. axb3 axb3 52. Kb2 Kd6 53. Kxb3 Ke5 54. g4 Ke4 55. g5 d3 56. g6 Kf5 57. g7 Kg4 58. g8=Q+ Kh5 59. Qg5# 1-0


[Site "https://www.chess.com"]

[Event "Titled Tuesday Blitz March 29 Late 2022"]
[White "Yanchenko, Roman"]
[Black "Indjic, Aleksandar"]
[WhiteFideId "4137329"]
[BlackFideId "911925"]
[WhiteElo "2514"]
[BlackElo "2616"]
[Result "0-1"]
[Round "09"]
[TimeControl "180+1"]
[Date "2022.03.29"]
[WhiteClock "0:00:02"]
[BlackClock "0:01:01"]

1. d4 d5 2. c4 e6 3. Nc3 a6 4. Nf3 dxc4 5. Bf4 b5 6. e3 Bb7 7. Be2 Bd6 8. Bg3 Ne7 9. O-O Bxg3 10. fxg3 Nd7 11. a4 c6 12. b3 cxb3 13. Qxb3 O-O 14. Qb1 h6 15. Ra2 Rb8 16. Bd3 Ba8 17. Raf2 c5 18. axb5 axb5 19. Bxb5 Bxf3 20. Rxf3 cxd4 21. exd4 Nf6 22. Qd3 Nfd5 23. Ne4 Nb4 24. Qc4 Nc2 25. Rd1 Nf5 26. Qxc2 Nxd4 27. Qf2 Nxf3+ 28. Qxf3 Qb6+ 29. Nf2 Qxb5 30. g4 Rbd8 31. Rf1 Qb6 32. Kh1 Rd4 33. Ne4 Qd8 0-1


[Site "https://www.chess.com"]

[Event "Titled Tuesday Blitz March 29 Late 2022"]
[White "Aldokhin, Ivan"]
[Black "Demchenko, Anton"]
[WhiteFideId "24115720"]
[BlackFideId "4160258"]
[WhiteElo "2231"]
[BlackElo "2539"]
[Result "0-1"]
[Round "10"]
[TimeControl "180+1"]
[Date "2022.03.29"]
[WhiteClock "0:00:01"]
[BlackClock "0:00:25"]

1. e4 e5 2. Nf3 Nc6 3. Bb5 a6 4. Ba4 Nge7 5. Nc3 d6 6. d4 b5 7. Bb3 Nxd4 8. Nxd4 exd4 9. Nd5 c5 10. Nxe7 Bxe7 11. Bd5 Rb8 12. O-O O-O 13. Qf3 Be6 14. Bf4 Bxd5 15. exd5 Bg5 16. Bg3 Qd7 17. Rfe1 Rfd8 18. Re4 Re8 19. Rae1 Rxe4 20. Qxe4 h6 21. h4 Bf6 22. h5 c4 23. Bf4 b4 24. b3 Rc8 25. bxc4 Rxc4 26. Qd3 Qc8 27. Bxd6 Rc3 28. Qe4 a5 29. Bf4 Rxc2 30. d6 Rc5 31. Qf3 a4 0-1


[Site "https://www.chess.com"]

[Event "Titled Tuesday Blitz March 29 Late 2022"]
[White "Arabidze, Meri"]
[Black "Tiarks, Jann-Christian"]
[WhiteFideId "13604040"]
[BlackFideId "12951595"]
[WhiteElo "2335"]
[BlackElo "2176"]
[Result "1-0"]
[Round "10"]
[TimeControl "180+1"]
[Date "2022.03.29"]
[WhiteClock "0:01:14"]
[BlackClock "0:01:00"]

1. Nf3 c5 2. c4 Nc6 3. e3 g6 4. d4 cxd4 5. exd4 Bg7 6. d5 Nb8 7. Nc3 d6 8. Be2 Nf6 9. O-O O-O 10. Re1 e5 11. dxe6 Bxe6 12. Nd4 Nc6 13. Nxe6 fxe6 14. Bf3 e5 15. Nb5 e4 16. Bxe4 Nxe4 17. Rxe4 a6 18. Nxd6 Qf6 19. Qd5+ Kh8 20. Rf4 Qe7 21. Be3 Ne5 22. Rxf8+ Rxf8 23. h3 Rd8 24. c5 Rf8 25. Qxb7 Qe6 26. Qxa6 Qd5 27. Qe2 Nd7 28. Rd1 Qxa2 29. c6 Ne5 30. c7 1-0


[Site "https://www.chess.com"]

[Event "Titled Tuesday Blitz March 29 Late 2022"]
[White "Aravindh, Chithambaram VR."]
[Black "Barria Zuniga, Daniel"]
[WhiteFideId "5072786"]
[BlackFideId "3400816"]
[WhiteElo "2561"]
[BlackElo "2414"]
[Result "1-0"]
[Round "10"]
[TimeControl "180+1"]
[Date "2022.03.29"]
[WhiteClock "0:01:35"]
[BlackClock "0:00:32"]

1. c4 g6 2. h4 h6 3. h5 g5 4. d4 e6 5. Nc3 d5 6. e4 Ne7 7. Nf3 Nbc6 8. Nxg5 hxg5 9. Bxg5 dxc4 10. d5 exd5 11. exd5 Na5 12. Qd4 Rh6 13. O-O-O Bf5 14. g4 Bd3 15. Bxd3 cxd3 16. Rhe1 Qd7 17. Rxe7+ Bxe7 18. Bxh6 O-O-O 19. Qxa7 Qxg4 20. Qa8+ Kd7 21. Qxa5 Qxh5 22. Be3 Bg5 23. Qb5+ Kc8 24. Qxd3 Bxe3+ 25. fxe3 Qe5 26. Qd4 1-0


[Site "https://www.chess.com"]

[Event "Titled Tuesday Blitz March 29 Late 2022"]
[White "Brizzi, Milagros Tatiana"]
[Black "Vifleemskaia, Svetlana"]
[WhiteFideId "128350"]
[BlackFideId "4129490"]
[WhiteElo "1844"]
[BlackElo "1901"]
[Result "1/2-1/2"]
[Round "10"]
[TimeControl "180+1"]
[Date "2022.03.30"]
[WhiteClock "0:00:07"]
[BlackClock "0:00:09"]

1. e4 e5 2. Nf3 Nc6 3. d4 exd4 4. Nxd4 Bc5 5. Be3 Bb6 6. Nf5 Qf6 7. Nc3 g6 8. Bxb6 axb6 9. Ne3 Nge7 10. Bc4 Ne5 11. Bb3 O-O 12. O-O d6 13. f4 N5c6 14. Nb5 Ra5 15. Nxc7 Qxb2 16. f5 Qd4 17. Qxd4 Nxd4 18. fxg6 hxg6 19. Ned5 Nxd5 20. Nxd5 Be6 21. Nxb6 Rb5 22. Nc4 d5 23. exd5 Bxd5 24. Ne3 Bxb3 25. cxb3 Ra5 26. Ng4 Ne2+ 27. Kh1 Nc3 28. a4 Kg7 29. Rf3 Ne4 30. Raf1 f5 31. Ne3 Rc5 32. Nc4 b5 33. axb5 Rxb5 34. g3 Rfb8 35. g4 Rxb3 36. gxf5 Rxf3 37. Rxf3 gxf5 38. Rxf5 Rb1+ 39. Kg2 Rc1 40. Ne3 Nf6 41. Rf3 Rc3 42. Rg3+ Kf7 43. Nf5 Rc1 44. Re3 Ra1 45. Rf3 Ra2+ 46. Rf2 Ra6 47. Ng3 Ra5 48. Ne4 Ra6 49. Rxf6+ Rxf6 50. Nxf6 Kxf6 51. Kg3 Kg6 52. Kg4 Kh6 53. h3 Kh7 54. h4 Kg7 55. Kg5 Kh7 56. h5 Kg7 57. h6+ Kh7 58. Kh5 Kh8 59. Kg6 Kg8 60. h7+ Kh8 61. Kh6 1/2-1/2


[Site "https://www.chess.com"]

[Event "Titled Tuesday Blitz March 29 Late 2022"]
[White "Buchenau, Frank"]
[Black "Mortazavi, Ali"]
[WhiteFideId "4604350"]
[BlackFideId "401323"]
[WhiteElo "2193"]
[BlackElo "2339"]
[Result "0-1"]
[Round "10"]
[TimeControl "180+1"]
[Date "2022.03.30"]
[WhiteClock "0:00:05"]
[BlackClock "0:01:23"]

1. e4 c6 2. Nf3 d5 3. Nc3 dxe4 4. Nxe4 Nf6 5. Qe2 Be6 6. Nxf6+ exf6 7. d4 Bd6 8. Qd1 O-O 9. Be2 Re8 10. O-O Nd7 11. c4 Nf8 12. Be3 Ng6 13. Qd2 Bc7 14. Rfe1 Qd6 15. b4 Rad8 16. g3 h6 17. a4 f5 18. c5 Qd7 19. b5 Bd5 20. Qc3 Re7 21. Rab1 Rde8 22. b6 axb6 23. cxb6 Bb8 24. a5 f4 25. gxf4 Qg4+ 26. Kf1 Qh3+ 27. Kg1 Bxf3 28. Bxf3 Qxf3 0-1


[Site "https://www.chess.com"]

[Event "Titled Tuesday Blitz March 29 Late 2022"]
[White "Cagara, Paulina"]
[Black "Ricaurte Lopez, Juan Carlos"]
[WhiteFideId "1124870"]
[BlackFideId "3600327"]
[WhiteElo "1780"]
[BlackElo "2209"]
[Result "0-1"]
[Round "10"]
[TimeControl "180+1"]
[Date "2022.03.30"]
[WhiteClock "0:01:14"]
[BlackClock "0:00:33"]

1. e4 e5 2. Nf3 Nc6 3. c3 d5 4. Qa4 dxe4 5. Nxe5 Bd7 6. Nxd7 Qxd7 7. Qxe4+ Be7 8. Bb5 Nf6 9. Bxc6 bxc6 10. Qe2 O-O 11. O-O c5 12. d3 Rad8 13. Bf4 Qxd3 14. Qxd3 Rxd3 15. Bxc7 c4 16. Be5 Bc5 17. Na3 Bxa3 18. bxa3 Rfd8 19. Bxf6 gxf6 20. Rab1 Rxc3 21. a4 Ra3 22. Rb4 c3 23. Rc4 Rd2 24. h4 c2 25. Re1 Rxa2 26. Kh2 Rxf2 27. Re8+ Kg7 28. Rg4+ Kh6 29. Rc8 Rf1 30. Rgc4 c1=Q 31. Rxc1 Rxc1 32. Rxc1 Rxa4 33. Rc7 Kg6 34. g3 h5 35. Kh3 a5 36. Ra7 Ra3 37. Ra6 Kf5 38. Kg2 Kg4 39. Rxf6 Rxg3+ 40. Kf2 Rc3 41. Rxf7 Rc5 42. Rg7+ Kxh4 43. Kg2 Rg5+ 0-1


[Site "https://www.chess.com"]

[Event "Titled Tuesday Blitz March 29 Late 2022"]
[White "Cervantes Landeiro, Thalia"]
[Black "Ambartsumova, Karina"]
[WhiteFideId "3520498"]
[BlackFideId "4166299"]
[WhiteElo "2021"]
[BlackElo "2262"]
[Result "1-0"]
[Round "10"]
[TimeControl "180+1"]
[Date "2022.03.29"]
[WhiteClock "0:00:06"]
[BlackClock "0:00:01"]

1. d4 Nf6 2. c4 e6 3. Nf3 c5 4. d5 exd5 5. cxd5 Bd6 6. Nc3 O-O 7. e4 Re8 8. Nd2 Bc7 9. Bd3 a6 10. a4 d6 11. O-O Nbd7 12. f4 Nf8 13. Nc4 Rb8 14. a5 Ng6 15. e5 Ng4 16. h3 Nh6 17. exd6 Bxd6 18. f5 Ne5 19. f6 Nxc4 20. Bxh6 Nxb2 21. Bxh7+ Kxh7 22. Qh5 Re5 23. Qxf7 Qd7 24. fxg7 Qxf7 25. Rxf7 Bf5 26. Bf4 Bg6 27. Bxe5 Bxe5 28. Rf8 Bxc3 29. g8=Q+ Kh6 30. Rxb8 Bd4+ 31. Kh1 Nd3 32. Qf8+ Kg5 33. Qf3 Nf2+ 34. Kh2 Be5+ 35. g3 Ne4 36. h4+ Kh6 37. Rh8+ Bxh8 38. Qf8+ Bg7 39. Qf4+ Kh7 40. Qc7 Kh6 41. Rf1 Bd4 42. Rf4 Nf6 43. Qe7 Nh5 44. Qf8+ 1-0


[Site "https://www.chess.com"]

[Event "Titled Tuesday Blitz March 29 Late 2022"]
[White "Curtis, John"]
[Black "Qashashvili, Alexandre"]
[WhiteFideId "3200256"]
[BlackFideId "13600842"]
[WhiteElo "2203"]
[BlackElo "2316"]
[Result "0-1"]
[Round "10"]
[TimeControl "180+1"]
[Date "2022.03.30"]
[WhiteClock "0:00:02"]
[BlackClock "0:00:04"]

1. e4 c6 2. d4 d5 3. Nc3 dxe4 4. Nxe4 Nd7 5. Qe2 Ndf6 6. c3 Nxe4 7. Qxe4 Qd5 8. Qxd5 cxd5 9. Bb5+ Bd7 10. Bxd7+ Kxd7 11. Ke2 e6 12. Kd3 Nf6 13. Ne2 Bd6 14. Be3 b5 15. b3 a5 16. a4 Rhb8 17. axb5 Rxb5 18. Nc1 Rc8 19. h3 Ne4 20. c4 Rb7 21. Rxa5 Bb4 22. Ra2 Rcb8 23. f3 Ng3 24. Rd1 Nf5 25. Bf4 Bd6 26. Bxd6 Kxd6 27. c5+ Kc7 28. Ra4 h5 29. g4 hxg4 30. hxg4 Ne7 31. Kc3 Nc6 32. f4 g6 33. Rh1 Kd7 34. Rh7 Ke7 35. Ra2 Nb4 36. Rah2 Ra8 37. f5 gxf5 38. gxf5 exf5 39. Re2+ Kf6 40. Rh6+ Kg5 41. Rd6 Ra1 42. Rg2+ Kf4 43. Ne2+ Kf3 44. Rh2 Ke3 45. Rdh6 f4 46. Nxf4 Kxf4 47. Rb6 Na2+ 48. Kd3 Ra7 49. Rf2+ Kg5 50. Rbf6 Rd1+ 51. Kc2 Rxd4 52. R6f5+ Kg4 53. Rxf7 Nb4+ 0-1


[Site "https://www.chess.com"]

[Event "Titled Tuesday Blitz March 29 Late 2022"]
[White "De La Colina, Nicolas"]
[Black "Ronka, Erik"]
[WhiteFideId "30946921"]
[BlackFideId "505080"]
[WhiteElo "2046"]
[BlackElo "2264"]
[Result "1-0"]
[Round "10"]
[TimeControl "180+1"]
[Date "2022.03.30"]
[WhiteClock "0:00:11"]
[BlackClock "0:00:14"]

1. d4 d5 2. Nf3 c6 3. Bf4 Bf5 4. e3 e6 5. c4 Bd6 6. Bg3 Bxg3 7. hxg3 Nf6 8. Nc3 Nbd7 9. Be2 O-O 10. Nh4 Be4 11. f3 Bg6 12. Nxg6 fxg6 13. Qd2 Qe7 14. f4 Rac8 15. O-O-O c5 16. Kb1 cxd4 17. Qxd4 Nb6 18. cxd5 exd5 19. Bf3 Rfd8 20. g4 Rc4 21. Qe5 Re8 22. Qxe7 Rxe7 23. g5 Ne4 24. Nxd5 Nxd5 25. Rxd5 Rb4 26. Ka1 Nf2 27. Rf1 Rxe3 28. Rxf2 1-0


[Site "https://www.chess.com"]

[Event "Titled Tuesday Blitz March 29 Late 2022"]
[White "Desideri, Ricardo Maruchi"]
[Black "Vine, Elzbieta"]
[WhiteFideId "2110440"]
[BlackFideId "1119320"]
[WhiteElo "1945"]
[BlackElo "1823"]
[Result "1-0"]
[Round "10"]
[TimeControl "180+1"]
[Date "2022.03.30"]
[WhiteClock "0:00:04"]
[BlackClock "0:00:03"]

1. e4 c5 2. Nf3 d6 3. d4 cxd4 4. Nxd4 Nf6 5. Nc3 Nbd7 6. Rg1 Nc5 7. f3 e6 8. g4 d5 9. g5 Nfd7 10. exd5 exd5 11. Nxd5 Nb6 12. Bb5+ Bd7 13. Qe2+ Be7 14. Nxb6 axb6 15. Bf4 O-O 16. Rd1 Re8 17. Kf1 Rxa2 18. Nf5 Rxb2 19. Bxd7 Nxd7 20. Qd3 Nc5 21. Qxd8 Bxd8 22. Kg2 Rxc2+ 23. Kg3 g6 24. Nh6+ Kg7 25. Rge1 Rxe1 26. Rxe1 Nd3 27. Be5+ f6 28. gxf6+ Bxf6 29. Bxf6+ Kxf6 30. Re8 Kg7 31. Ng4 Rc7 32. Re6 b5 33. Rb6 b4 34. f4 Kf8 35. Ne5 Nxe5 36. fxe5 Rc3+ 37. Kf4 b3 38. Ke4 g5 39. Kd4 1-0


[Site "https://www.chess.com"]

[Event "Titled Tuesday Blitz March 29 Late 2022"]
[White "Diaz Perez, Michel Alejandro"]
[Black "Yanchenko, Roman"]
[WhiteFideId "3517179"]
[BlackFideId "4137329"]
[WhiteElo "2337"]
[BlackElo "2514"]
[Result "0-1"]
[Round "10"]
[TimeControl "180+1"]
[Date "2022.03.29"]
[WhiteClock "0:00:07"]
[BlackClock "0:00:17"]

1. d4 d5 2. c4 c6 3. Nf3 Nf6 4. Qc2 g6 5. Nbd2 Bf5 6. Qb3 Qb6 7. c5 Qxb3 8. axb3 a6 9. b4 Nbd7 10. Nb3 Bg7 11. Na5 Ra7 12. Bf4 Nh5 13. Bd2 e5 14. e3 O-O 15. Be2 Re8 16. h3 Nhf6 17. O-O Ne4 18. Bc3 Re7 19. Rfc1 Nxc3 20. bxc3 exd4 21. Nxd4 Bxd4 22. cxd4 Nf6 23. Ra3 Ra8 24. f3 Rae8 25. Kf2 Bc8 26. Bf1 h5 27. h4 Nh7 28. Re1 Nf8 29. Nb3 Ne6 30. Raa1 Kg7 31. Nd2 f6 32. g3 g5 33. Bd3 Kh6 34. Nb3 Ng7 35. e4 dxe4 36. fxe4 Be6 37. Nd2 Rd8 38. hxg5+ fxg5 39. Ke3 Red7 40. Nf3 g4 41. Ne5 Rxd4 42. Rf1 Kg5 43. Rab1 Bg8 44. Rf4 Ba2 45. Rb2 Be6 46. Be2 Ne8 47. Bd3 Nf6 48. Rbf2 Nh7 49. Rf5+ Bxf5 50. Rxf5+ Kh6 51. Nf7+ Kg7 52. Nxd8 Rxd8 53. e5 h4 54. gxh4 g3 55. Be4 Nf8 56. h5 Ne6 57. Rf6 Nf8 58. Kf4 Rd4 59. Rf5 Ne6+ 60. Ke3 Rxe4+ 61. Kf3 Rxb4 62. Rf6 Nxc5 63. h6+ Kh7 64. Rd6 Rb3+ 65. Kg2 Ne4 66. Re6 Rb2+ 67. Kf3 g2 68. Re7+ Kxh6 69. Re8 Kg5 70. Rg8+ Kf5 71. Rxg2 Kxe5 72. Rxb2 Nd6 73. Ke2 Kd5 74. Kd3 b5 75. Rh2 Kc5 76. Rh5+ Kb6 77. Rh6 Nb7 78. Kd4 a5 79. Kc3 a4 80. Kb4 Nc5 81. Kc3 Na6 82. Rh5 Ka5 83. Rh6 c5 84. Rh8 c4 85. Rh5 a3 86. Rh2 Ka4 87. Rh8 b4+ 88. Kxc4 a2 89. Ra8 Ka5 90. Kb3 a1=Q 91. Rxa6+ Kxa6 92. Kxb4 Qa5+ 93. Kb3 Kb6 94. Kc4 Kc6 95. Kb3 Kd5 96. Kc2 Kd4 97. Kb2 Qc3+ 98. Ka2 Qb4 99. Ka1 Kc3 100. Ka2 Qb2# 0-1


[Site "https://www.chess.com"]

[Event "Titled Tuesday Blitz March 29 Late 2022"]
[White "Dreev, Aleksey"]
[Black "Caruana, Fabiano"]
[WhiteFideId "4100107"]
[BlackFideId "2020009"]
[WhiteElo "2625"]
[BlackElo "2744"]
[Result "0-1"]
[Round "10"]
[TimeControl "180+1"]
[Date "2022.03.29"]
[WhiteClock "0:00:03"]
[BlackClock "0:00:20"]

1. d4 Nf6 2. c4 e6 3. Nc3 Bb4 4. Qc2 O-O 5. a3 Bxc3+ 6. Qxc3 d6 7. Bg5 Re8 8. e3 h6 9. Bh4 e5 10. dxe5 dxe5 11. Rd1 Qe7 12. Qc2 a5 13. Ne2 c6 14. Nc3 Be6 15. Be2 Nbd7 16. O-O Nc5 17. b3 Rad8 18. h3 g6 19. f3 Bf5 20. Qb2 g5 21. Bf2 Nd3 22. Bxd3 Bxd3 23. Rfe1 Bg6 24. e4 Nh5 25. Be3 Nf4 26. Qc2 Qxa3 27. Kh2 h5 28. Rxd8 Rxd8 29. Rd1 Rxd1 30. Qxd1 Kg7 31. Qc2 Ne6 32. Ne2 h4 33. Nc1 f6 34. Nd3 Qd6 35. Qc3 c5 36. Nf2 b6 37. Ng4 Bh5 38. Nf2 Nd4 39. Qb2 Be8 40. Ng4 Bd7 41. Nf2 Kg6 42. Qc3 f5 43. exf5+ Bxf5 44. Qd2 e4+ 45. Kg1 exf3 46. Bxd4 Qxd4 47. Qxd4 cxd4 48. gxf3 Bc2 49. Kf1 Bxb3 0-1


[Site "https://www.chess.com"]

[Event "Titled Tuesday Blitz March 29 Late 2022"]
[White "Erdogdu, Mert"]
[Black "Koutlas, Nikolaos"]
[WhiteFideId "6301495"]
[BlackFideId "25827138"]
[WhiteElo "2485"]
[BlackElo "1610"]
[Result "0-1"]
[Round "10"]
[TimeControl "180+1"]
[Date "2022.03.29"]
[WhiteClock "0:00:17"]
[BlackClock "0:00:07"]

1. e4 e5 2. Nf3 Nc6 3. Bc4 Nf6 4. d3 Be7 5. O-O O-O 6. a4 d6 7. c3 h6 8. Nbd2 Be6 9. a5 a6 10. Re1 Re8 11. Bxe6 fxe6 12. Qb3 Qc8 13. Nc4 Rf8 14. Be3 Ng4 15. Rad1 g5 16. d4 Nxe3 17. Nxe3 g4 18. Nxg4 exd4 19. Nxd4 Nxd4 20. cxd4 Kg7 21. Ne3 Rf4 22. f3 Bg5 23. d5 e5 24. Nf5+ Kf6 25. Ng3 Kg6 26. Rc1 h5 27. Nf5 Kf6 28. Nxd6 Qd7 29. Nc4 Rh4 30. Rc2 Bf4 31. g3 Rg8 32. Rg2 Qh3 33. Ne3 Bxg3 34. hxg3 Rxg3 35. Qc2 Qh1+ 36. Kf2 Rxf3+ 37. Kxf3 Qxe1 38. Rf2 Rf4+ 39. Kg3 Qxe3+ 40. Kg2 Rxf2+ 41. Qxf2+ Qxf2+ 42. Kxf2 Kg5 43. Kg3 h4+ 44. Kf3 h3 45. Kg3 h2 46. Kxh2 Kf4 47. b4 Kxe4 0-1


[Site "https://www.chess.com"]

[Event "Titled Tuesday Blitz March 29 Late 2022"]
[White "Fiol, Fabrice"]
[Black "Bryakin, Mikhail"]
[WhiteFideId "611670"]
[BlackFideId "4165314"]
[WhiteElo "2424"]
[BlackElo "2417"]
[Result "0-1"]
[Round "10"]
[TimeControl "180+1"]
[Date "2022.03.29"]
[WhiteClock "0:00:01"]
[BlackClock "0:02:59"]

1. e4 e6 2. d3 d5 3. Nd2 c5 4. Ngf3 Nc6 5. g3 g6 6. Bg2 Nge7 7. O-O Bg7 8. c3 O-O 9. Re1 b6 10. a4 Bb7 11. Nf1 d4 12. c4 Qd7 13. h4 f5 14. exf5 exf5 15. Ng5 Rfe8 16. Ne6 Bf6 17. Bf4 Rac8 18. Nh2 Nd8 19. Nxd8 Rexd8 20. Bxb7 Qxb7 21. Qf3 Qxf3 22. Nxf3 Nc6 23. Re6 Kf7 24. Rae1 Re8 25. Rxe8 Rxe8 26. Rxe8 Kxe8 27. Bd2 Kd7 28. Kf1 Ke6 29. Ng5+ Bxg5 30. Bxg5 a6 31. Bd2 Kd7 32. Ke2 Ne5 33. Bf4 Ng4 34. b3 Kc6 35. Bg5 Ne5 36. f3 Nd7 37. g4 b5 38. gxf5 gxf5 39. Kd2 bxc4 40. dxc4 Ne5 41. Ke2 Ng6 42. h5 Ne5 43. Bf6 Nd7 44. Bg7 Kd6 45. f4 Kc6 46. Kd3 Nb6 47. Bf6 Nc8 48. Bg7 Nd6 49. Be5 Ne4 50. Bg7 Nf2+ 51. Kd2 Ne4+ 52. Kd3 Ng3 53. h6 Nh5 54. Be5 Ng3 55. Kd2 Ne4+ 56. Kd3 Nf2+ 57. Kd2 Ng4 58. Bg7 Ne3 59. Kd3 Nf1 60. Bf6 Kd7 61. Bg7 Ke7 62. Ke2 Ng3+ 63. Kf3 Nh5 64. Be5 Ke6 65. Bc7 Nf6 66. Be5 Ng8 0-1


[Site "https://www.chess.com"]

[Event "Titled Tuesday Blitz March 29 Late 2022"]
[White "Fishbein, Alexander"]
[Black "Vusatiuk, Vladimir"]
[WhiteFideId "2000377"]
[BlackFideId "14118610"]
[WhiteElo "2442"]
[BlackElo "2157"]
[Result "0-1"]
[Round "10"]
[TimeControl "180+1"]
[Date "2022.03.29"]
[WhiteClock "0:00:05"]
[BlackClock "0:00:50"]

1. e4 Nc6 2. Nf3 f5 3. exf5 d5 4. d4 Bxf5 5. Bb5 Bd7 6. O-O Nf6 7. Bf4 e6 8. Re1 Bd6 9. Bxc6 bxc6 10. Be5 O-O 11. Nbd2 c5 12. dxc5 Bxc5 13. Nb3 Bb6 14. Bd4 Ne4 15. c4 c5 16. cxd5 exd5 17. Bxc5 Bg4 18. Bxb6 axb6 19. Nbd4 Ng5 20. Nc6 Bxf3 21. gxf3 Qf6 22. Qxd5+ Kh8 23. Ne5 Ra5 24. Nd7 Nxf3+ 25. Kf1 Nxh2+ 26. Kg1 Qxf2+ 27. Kh1 0-1


[Site "https://www.chess.com"]

[Event "Titled Tuesday Blitz March 29 Late 2022"]
[White "Gatterer, Florian"]
[Black "Omariev, Maksim"]
[WhiteFideId "811688"]
[BlackFideId "4193423"]
[WhiteElo "2218"]
[BlackElo "2513"]
[Result "0-1"]
[Round "10"]
[TimeControl "180+1"]
[Date "2022.03.30"]
[WhiteClock "0:00:08"]
[BlackClock "0:00:02"]

1. d4 d5 2. Nf3 Nf6 3. g3 Bf5 4. Bg2 e6 5. c4 c6 6. Nc3 Nbd7 7. Qb3 b6 8. O-O Be7 9. h3 h6 10. Nd2 O-O 11. e4 dxe4 12. Ndxe4 Rc8 13. Be3 Nxe4 14. Nxe4 Nf6 15. Nxf6+ Bxf6 16. Rfd1 Qe7 17. d5 cxd5 18. cxd5 Bc2 19. d6 Qd7 20. Qa3 Bxd1 21. Rxd1 Rc2 22. Be4 Rxb2 23. Rc1 Rd8 24. Bf4 Bd4 25. Rc7 Qb5 26. Be3 Be5 27. Qxa7 Rf8 28. d7 Rxa2 29. Qxa2 Bxc7 30. Bb1 Qxd7 31. Qc2 f5 32. g4 b5 33. Ba2 Kh8 34. gxf5 exf5 35. Qb3 f4 36. Bc5 Rd8 37. Kg2 Qc6+ 38. Kg1 Qxc5 39. Qf7 Qg5+ 40. Kf1 f3 41. Ke1 Qd2+ 42. Kf1 Qd1# 0-1


[Site "https://www.chess.com"]